AoeStats
← ManuS

Arabia

508104218Analyzed
2v2 RM · 13d ago on Sep 20, 2026· 26m 0s· 4 players
Game mode
Random Map
Map size
Medium (4 player)
Population
200
Speed
Normal
Resources
Standard
Victory
Conquest
Starting age
Dark Age
Ending age
Imperial Age
RankedLock teamsTeams togetherTeam positionsShared explorationLock speedFull tech treeHidden civsTurbo modeCheats
Victory
Defeat
🇦🇷 Franks · Argentina
1045
+14
🇦🇷 Hindustanis · Argentina
993
+16
🇧🇷 Romans · Brazil
1000
-45
🇧🇷 Magyars · Brazil
1000
-45
Producto.Machete
2:59 Loom
8:58 Loom
10:43 Feudal Age
12:14 Double-Bit Axe
15:14 Castle Age
14:48 Scale Mail Armor
18:22 Loom
20:45 Forging
22:48 Squires
23:03 Stone Mining
23:42 Arson
24:33 Iron Casting
25:16 Bow Saw
25:49 Stone Mining
ManuS
6:27 Loom
9:50 Feudal Age
10:49 Double-Bit Axe
21:22 Castle Age
19:15 Fletching
20:21 Gold Mining
22:02 Padded Archer Armor
22:04 Crossbowman
24:08 Bodkin Arrow
26:43 Leather Archer Armor
rodrigohcavalcante
0:34 Loom
12:49 Feudal Age
17:22 Wheelbarrow
19:59 Double-Bit Axe
22:51 Gold Mining
22:52 Stone Mining
27:28 Castle Age
Olo o Ladino
0:31 Loom
10:44 Feudal Age
12:30 Wheelbarrow
22:39 Castle Age
21:48 Horse Collar
21:55 Double-Bit Axe
23:57 Bloodlines
23:48 Husbandry
23:58 Heavy Plow
24:16 Hand Cart
26:10 Padded Archer Armor
26:00 Fletching
Connection lost

Rejoining the realm…

Still unreachable

The connection could not be restored.

Session expired

The server has moved on; the page needs a fresh start.